 Dungeon Crawl Stone Soup version 0.27.1-4-g1640c2035a (webtiles) character file.

Game seed: 1433209777291799662

107 oldmanjim the Cudgeller (level 4, -2/29 HPs)
             Began as a Gargoyle Monk on Nov 11, 2021.
             Killed from afar by an orc wizard (6 damage)
             ... with a magic dart
             ... on level 3 of the Dungeon.
             The game lasted 00:06:29 (2006 turns).

oldmanjim the Cudgeller (Gargoyle Monk)             Turns: 2006, Time: 00:06:31

Health: -2/29      AC:  5    Str: 15    XL:     4   Next: 85%
Magic:  4/4        EV: 12    Int: 11    God:
Gold:   50         SH:  0    Dex: 12    Spells: 3/3 levels left

rFire    . . .     SeeInvis .   a - +0 mace
rCold    . . .     Faith    .   (no shield)
rNeg     + . .     Spirit   .   b - +0 robe
rPois    ∞         Reflect  .   (no helmet)
rElec    +         Harm     .   (no cloak)
rCorr    .         Rampage  .   (no gloves)
Will     .....                  (no boots)
Stlth    ++........             i - amulet of regeneration
HPRegen  1.09/turn              (no ring)
MPRegen  0.09/turn              (no ring)

@: no status effects
A: sickness immunity, AC +3, negative energy resistance 1, electricity
resistance, torment resistance 1, petrification resistance
a: no special abilities


You were on level 3 of the Dungeon.
You visited 1 branch of the dungeon, and saw 3 of its levels.

You collected 50 gold pieces.

Inventory:

Hand Weapons
 a - a +0 mace (weapon)
Missiles
 d - 23 stones (quivered)
 e - 49 arrows
 j - 24 bolts
Armour
 b - a +0 robe (worn)
Magical Staves
 c - a staff of fire
Jewellery
 i - an amulet of regeneration (around neck)
Scrolls
 h - 3 scrolls of identify {unknown}
Potions
 f - a potion of attraction {unknown}
 g - a potion of degeneration {unknown}


   Skills:
 - Level 4.0 Fighting
 + Level 5.0 Maces & Flails
 - Level 2.4 Dodging
 - Level 2.1 Stealth


You had 3 spell levels left.
You didn't know any spells.
Your spell library was empty.

Dungeon Overview and Level Annotations

Branches:
Dungeon (3/15)

Altars:
Beogh


Innate Abilities, Weirdness & Mutations

You are immune to sickness and miasma.
Your stone body is resilient. (AC +3)
You are immune to poison.
You resist negative energy. (rN+)
You are resistant to electric shocks. (rElec)
You are resistant to unholy torment.
You are immune to petrification.


Message History

The orc priest is severely wounded.
The orc priest hits you with a +0 flail!
Something hits you but does no damage.
You closely miss the orc priest.
The orc priest is severely wounded.
The orc priest misses you. Something hits you but does no damage.
The orc priest calls down the wrath of Beogh upon you.
Beogh smites you!
You barely miss the orc priest.
The orc priest is severely wounded.
Something hits you.
The orc priest invokes the aid of Beogh against you.
You barely resist. Something barely misses you.
You hit the orc priest.
The orc priest is almost dead.
The orc throws a boomerang.
The boomerang barely misses you.
The orc priest hits you with a +0 flail.
* * * LOW HITPOINT WARNING * * *
Something hits you but does no damage.
You barely miss the orc priest.
The orc priest is almost dead.
The orc priest hits you but does no damage.
Something hits you but does no damage.
You closely miss the orc priest.
The orc priest is almost dead.
The orc priest hits you with a +0 flail.
* * * LOW HITPOINT WARNING * * *
Something completely misses you.
You hit the orc priest.
You kill the orc priest!
You hear some strange, mumbled words.
A puff of flame appears from out of thin air!
The puff of flame hits you!
* * * LOW HITPOINT WARNING * * *
Your Maces & Flails skill increases to level 5!
Things that are here:
a +0 flail; an orc corpse A magic dart appears from out of thin air!
The magic dart hits you.
You die...

##$_.## ##. #$8.8.#
.. #...$$# #.##.8.8$#
#.. #...# .#
#..###'## .#
#....#..## ##.#
####.#......###..#
.......@.#o#.....#
####.###)#.##...## #
#{#S##...####.#
##.###S#...).......#
........o......#####
.###.........#.#
#.##>##.###†#######
....................
###.#...###.#<#######


You could see an adder and an orc.

Vanquished Creatures
  An orc priest (D:3)
  2 adders
  4 worms
  2 orcs (D:3)
  5 endoplasms
  3 giant cockroaches
  2 goblins
  3 hobgoblins
  7 jackals (D:2)
  2 quokkas (D:2)
  2 ball pythons
  2 bats
  3 frilled lizards
  4 kobolds
  3 rats (D:2)
45 creatures vanquished.

Notes
Turn   | Place    | Note
-------+----------+-------------------------------------------
     0 | D:1      | oldmanjim the Gargoyle Monk began the quest for the Orb.
     0 | D:1      | Reached XP level 1. HP: 14/14 MP: 1/1
   679 | D:1      | Reached XP level 2. HP: 19/19 MP: 2/2
  1421 | D:2      | Reached XP level 3. HP: 22/24 MP: 3/3
  1653 | D:2      | Reached skill level 4 in Maces & Flails
  1811 | D:2      | Reached XP level 4. HP: 29/29 MP: 4/4
  1845 | D:2      | Found a faded altar of an unknown god.
  2005 | D:3      | Reached skill level 5 in Maces & Flails
  2006 | D:3      | Killed from afar by an orc wizard

Illustrated notes

Levels and vault maps discovered:
D:1:      dpeg_arrival_shrine, layout_loops_corners, hangedman_decor_lopped,
          corexii_leaking_fountain
D:2:      layout_basic, basic_ecumenical_altar
D:3:      layout_loops_ring, minitemple, gammafunk_ghost_icy, serial_shops,
          nicolae_shop_competitors_out_of_business, portal_sewer_entry_f,
          minmay_misc_feat_pillars, kennysheep_orc_chapel, uniq_grinder,
          uniq_sigmund, uniq_natasha

Skill      XL: |  1  2  3  4 |
---------------+-------------+-----
Fighting       | 4 |  4.0
Maces & Flails | 4 5 |  5.0
Dodging        | |  2.4
Stealth        | |  2.1

Action                   |  1- 3 |  4- 6 || total
-------------------------+-------+-------++-------
Melee: Mace              |   123 |    35 ||   158
 Stab: Sleeping          |     3 |     1 ||     4
Armor: Robe              |    38 |    13 ||    51
Dodge: Dodged            |   117 |    18 ||   135
